 Dungeon Crawl Stone Soup version 0.29.0-10-g45618ea6d2 (webtiles) character file.

Game seed: 14010553640898216388

466 raistware the Magician (level 7, -6/41 HPs)
             Began as an Octopode Conjurer on Sept 1, 2022.
             Mangled by Duvessa
             ... wielding a +0 short sword
              (7 damage)
             ... on level 5 of the Dungeon.
             The game lasted 00:10:00 (4809 turns).

raistware the Magician (Octopode Conjurer)          Turns: 4809, Time: 00:10:00

Health: -6/41      AC:  1    Str:  6    XL:     7   Next: 8%
Magic:  3/15       EV: 13    Int: 23    God:
Gold:   127        SH:  0    Dex: 16    Spells: 12/17 levels left

rFire   . . .      SeeInvis .   d - +1 dagger (venom)
rCold   . . .      Faith    .   (no shield)
rNeg    . . .      Spirit   .   (helmet restricted)
rPois   .          Reflect  .   w - amulet of regeneration
rElec   .          Harm     .   n - +6 ring of dexterity
rCorr   .          Rampage  .   (no ring)
Will    .....                   (no ring)
Stlth   +++.......              (no ring)
HPRegen 0.93/turn               (no ring)
MPRegen 0.14/turn               (no ring)
                                (no ring)
                                (no ring)

@: very slightly contaminated
A: almost no armour, amphibious, 8 rings, camouflage 1, gelatinous body 1,
(nimble swimmer 1), tentacles
a: no special abilities


You were on level 5 of the Dungeon.
You visited 1 branch of the dungeon, and saw 5 of its levels.

You collected 173 gold pieces.
You spent 46 gold pieces at shops.

Inventory:

Hand Weapons
 d - a +1 dagger of venom (weapon)
Missiles
 v - 3 silver boomerangs
Magical Staves
 f - a staff of poison
Jewellery
 n - a +6 ring of dexterity (left tentacle)
 w - an amulet of regeneration (around mantle)
Wands
 q - a wand of mindburst (10)
 t - a wand of flame (15)
Scrolls
 b - 2 scrolls of vulnerability {unknown}
 e - a scroll of noise {unknown}
 j - a scroll of enchant armour {unknown}
 k - a scroll of fear {unknown}
 l - a scroll of butterflies {unknown}
 m - a scroll of teleportation {unknown}
 o - 2 scrolls of torment {unknown}
 p - 4 scrolls of magic mapping {unknown}
 r - a scroll of blinking {unknown}
 s - 4 scrolls of identify {unknown}
 u - a scroll of enchant weapon {unknown}
Potions
 c - a potion of might {unknown}
 g - a potion of ambrosia {unknown}
 h - a potion of experience {unknown}


   Skills:
 - Level 2.0 Dodging
 - Level 2.6 Stealth
 + Level 5.8 Spellcasting
 + Level 5.0 Conjurations
 - Level 2.0 Translocations


You had 12 spell levels left.
You knew the following spells:

 Your Spells              Type           Power      Damage    Failure   Level
a - Magic Dart            Conj           100%       1d8       1%          1
b - Iskenderun's Mystic   Conj/Tloc      22%        2d6       21%         4

Your spell library contained the following spells:

 Spells                   Type           Power      Damage    Failure   Level
 Searing Ray              Conj           58%        2d6       1%          2
 Dazzling Flash           Conj/Hex       36%        N/A       10%         3
 Fulminant Prism          Conj/Hex       9%         3d7       30%         4


Dungeon Overview and Level Annotations

Branches:
Dungeon (5/15)
 Temple: D:4-7

Altars:
Uskayaw

Shops:
D:2 *

Annotations:
D:5 Dowan, Duvessa


Innate Abilities, Weirdness & Mutations

You cannot wear most types of armour.
You are amphibious.
You can wear up to eight rings at the same time.
Your skin changes colour to match your surroundings (Stealth+).
Your rubbery body absorbs attacks. (AC +1, EV +1)
((You are camouflaged when in or above water. (Stealth+)))
You have tentacles for arms and can constrict up to eight enemies at once.


Message History

Dowan blinks!
Unknown command.
Casting: Magic Dart (safe; 1% risk of failure)
Confirm with . or Enter, or press ? or * to list all spells.
The spell is quite dangerous to miscast (21% risk of failure)!
Continue anyway?
You erupt in a blast of force!
The mystic blast hits Duvessa but does no damage.
Duvessa hits you with a +0 short sword!
Dowan casts a spell.
Dowan blinks!
Casting: Iskenderun's Mystic Blast (quite dangerous; 21% risk of failure)
Confirm with . or Enter, or press ? or * to list all spells.
The spell is quite dangerous to miscast (21% risk of failure)!
Continue anyway?
You erupt in a blast of force!
The mystic blast hits Duvessa.
Duvessa is lightly wounded.
Duvessa is knocked back by the mystic blast.
Aiming: Mindburst
Press: ? - help, Shift-Dir - straight line Duvessa resists with some effort.
Aiming: Mindburst
Press: ? - help, Shift-Dir - straight line Duvessa's mind is blasted.
Duvessa hits you with a +0 short sword!
* * * LOW HITPOINT WARNING * * *
Press: ? - help, v - describe, . - travel
Here: Duvessa, wielding a +0 short sword and wearing a +0 leather armour (moderately wounded, fast)
The floor, spattered with blood.
Unknown command.
Okay, then.
Okay, then.
Casting: Iskenderun's Mystic Blast (quite dangerous; 21% risk of failure)
Confirm with . or Enter, or press ? or * to list all spells.
The spell is quite dangerous to miscast (21% risk of failure)!
Continue anyway?
You miscast Iskenderun's Mystic Blast.
You are very lightly contaminated with residual magic.
Nothing appears to happen.
Duvessa hits you with a +0 short sword!
* * * LOW HITPOINT WARNING * * *
You feel better. Duvessa hits you with a +0 short sword!
* * * LOW HITPOINT WARNING * * *
Duvessa hits you with a +0 short sword!
You die...

#..# ### #.# #..# #.#
#..# #.# #..# #.# #..#
#.# #######..########
#.# ................#
#.#
#######.#######.####.##
...
###....ee@..........#
..
..#.#.#######.#######
.. #.#.#.##### #.#
.###.#.......# #.#
..#.###e###.# #.#
#.#.#...###.###.#
#.#.#.........#.#
#.....#####.#.#.#
#..e#.# #.#


You could see Duvessa (fast) and Dowan.

Vanquished Creatures
  An ogre (D:4)
  A kobold brigand (D:4)
  A scorpion (D:4)
  2 orc priests
  An iguana (D:4)
  3 gnolls (D:4)
  5 adders
  An ufetubus (D:5)
  A dart slug (D:3)
  11 orcs
  7 bats
  5 endoplasms
  2 giant cockroaches
  9 goblins
  6 hobgoblins
  7 kobolds
  A quokka (D:3)
  6 ball pythons
  2 frilled lizards
  10 rats
82 creatures vanquished.

Notes
Turn   | Place    | Note
-------+----------+-------------------------------------------
     0 | D:1      | raistware the Octopode Conjurer began the quest for the
                  | Orb.
     0 | D:1      | Reached XP level 1. HP: 11/11 MP: 3/3
   149 | D:1      | Reached XP level 2. HP: 11/17 MP: 3/5
   877 | D:1      | Reached XP level 3. HP: 21/21 MP: 3/7
  1234 | D:2      | Found a faded altar of an unknown god.
  1384 | D:2      | Found Naleotuzxil's Assorted Antiques.
  1392 | D:2      | Bought a scroll labelled PIYDEANOTU for 23 gold pieces
  1392 | D:2      | Bought a scroll labelled TUOC SYRAZOTT for 23 gold pieces
  2016 | D:3      | Found a hide-covered altar of Uskayaw.
  2335 | D:3      | Reached XP level 4. HP: 27/27 MP: 6/9
  2340 | D:3      | Learned a level 4 spell: Iskenderun's Mystic Blast
  2400 | D:3      | Reached skill level 1 in Translocations
  2865 | D:3      | Reached XP level 5. HP: 29/31 MP: 9/11
  3216 | D:4      | Noticed an ogre
  3511 | D:4      | Reached skill level 5 in Spellcasting
  3686 | D:4      | Reached XP level 6. HP: 36/36 MP: 8/13
  4626 | D:4      | Reached skill level 5 in Conjurations
  4626 | D:4      | Reached XP level 7. HP: 41/41 MP: 8/15
  4715 | D:5      | Entered Level 5 of the Dungeon
  4785 | D:5      | Noticed Dowan
  4786 | D:5      | Noticed Duvessa
  4808 | D:5      | HP: 2/41 [Duvessa/+0 short sword (10)]
  4809 | D:5      | Mangled by Duvessa

Illustrated notes

Levels and vault maps discovered:
D:1:      mrwooster_arrival_statue, layout_loops_ring, serial_rivers,
          chequers_serial_rivers_micro_c, chequers_serial_rivers_micro_d,
          chequers_serial_rivers_small_a, chequers_serial_rivers_micro_c,
          grunt_decor_arrowhead
D:2:      layout_basic, ebering_ecumenical_altar_webs, serial_shops,
          nicolae_lakefront_shop
D:3:      layout_loops_cross, mainiacjoe_overflow_concentric_impassable,
          minmay_shallow_snake_nest
D:4:      layout_gridville, kennysheep_generic_room_15
D:5:      layout_basic, temple_hall, moated_statue, uniq_crazy_yiuf_cottage,
          uniq_duvessa, uniq_menkaure

Skill      XL: |  1  2  3  4  5  6 |
---------------+-------------------+-----
Spellcasting   | 3 4 5 |  5.8
Translocations | 2 |  2.0
Conjurations   | 5 |  5.0
Dodging        | |  2.0
Stealth        | |  2.6

Action                   |  1- 3 |  4- 6 |  7- 9 || total
-------------------------+-------+-------+-------++-------
Melee: Dagger            |     8 |    25 |       ||    33
       Constrict         |     3 |     5 |       ||     8
       Tentacles         |     1 |       |       ||     1
       Punch             |       |     1 |       ||     1
Throw: Dart              |       |       |     1 ||     1
 Cast: Magic Dart        |    71 |    98 |     2 ||   171
       Iskenderun's Myst |       |     4 |     2 ||     6
Evoke: Wand              |       |       |     5 ||     5
  Use: Potion            |       |     5 |     1 ||     6
 Stab: Sleeping          |     1 |     3 |       ||     4
Armor: Skin              |     2 |     2 |       ||     4
Dodge: Dodged            |    10 |    17 |     3 ||    30
